 Dungeon Crawl Stone Soup version 0.30-a0-167-g62a5988fa7 (webtiles) character file.

Game seed: 13958984210161314515

188 qw the Chopper (level 5, -12/32 HPs)
             Began as a Gargoyle Fighter on Sept 29, 2022.
             Mangled by an ogre
             ... wielding a +0 giant club
              (18 damage)
             ... on level 4 of the Dungeon.
             The game lasted 00:01:28 (4647 turns).

qw the Chopper (Gargoyle Fighter)                   Turns: 4647, Time: 00:01:29

Health: -12/32     AC: 15    Str: 21      XL:     5   Next: 67%
Magic:  5/5        EV:  5    Int:  8 (9)  God:
Gold:   317        SH:  4    Dex:  7 (9)  Spells: 4/4 levels left

rFire   . . .      SeeInvis .    Y - +0 war axe
rCold   . . .      Faith    .    c - +0 buckler
rNeg    + . .      Spirit   .    a - +0 plate armour
rPois   inf        Reflect  .    (no helmet)
rElec   +          Harm     .    (no cloak)
rCorr   .          Rampage  .    (no gloves)
Will    .....                    (no boots)
Stlth   ..........               (no amulet)
HPRegen 0.10/turn                (no ring)
MPRegen 0.09/turn                (no ring)

@: brilliant, about to teleport
A: sickness immunity, AC +4, negative energy resistance 1, electricity
resistance, torment resistance 1, petrification resistance
a: no special abilities


You were on level 4 of the Dungeon.
You visited 1 branch of the dungeon, and saw 5 of its levels.

You collected 317 gold pieces.


Innate Abilities, Weirdness & Mutations

You are immune to sickness and miasma.
Your stone body is resilient. (AC +4)
You are immune to poison.
You resist negative energy. (rN+)
You are resistant to electric shocks. (rElec)
You are resistant to unholy torment.
You are immune to petrification.


   Skills:
 + Level 3.3 Fighting
 - Level 5.0 Axes
 - Level 1.0 Throwing
 - Level 3.2 Armour
 - Level 3.2 Shields


You had 4 spell levels left.
You didn't know any spells.
Your spell library was empty.

Inventory:

Hand Weapons
 m - a +0 flail
 Y - a +0 war axe (weapon)
Missiles
 e - 3 boomerangs
 k - 2 javelins (quivered)
Armour
 a - a +0 plate armour (worn)
 c - a +0 buckler (worn)
Scrolls
 h - a scroll of identify
Potions
 d - a potion of might
 i - a potion of flight {unknown}
 j - a potion of curing {unknown}
 o - a potion of ambrosia {unknown}

Dungeon Overview and Level Annotations

Branches:
Dungeon (5/15)
 Temple: D:4-7

Altars:
Hepliaklqana
Ru
Wu Jian


Message History

It is a scroll of amnesia.
You feel forgetful for a moment.
Done exploring.
4631 ||| DRINKING 2 fuming orange potions.
It was a potion of brilliance.
You feel clever all of a sudden.
Done exploring.
4632 ||| DROPPING potion of brilliance.
You drop a potion of brilliance.
Done exploring.
(D) Dungeon
Where to? (* - list waypoints, Enter - D:4, ? - help)
What level of the Dungeon? (default 1, ? - help)
There is a stone staircase leading down here.
You climb downwards.
The gnoll shouts!
The ogre shouts!
You hear an angry hiss.
You hear a shout!
There is a stone staircase leading up here.
There are monsters nearby!
Existing waypoints: (1) D:4 (2) D:3 Assign waypoint to what number? (0-9, D - delete waypoint) Waypoint 2 re-assigned from D:3 to D:5.
Throw: 3 javelins
Press: ? - help, Q - select action, (/) - cycle Shift-Dir - straight line, f - ogre You throw a javelin.
The javelin pierces through the ogre!
The ogre is moderately wounded.
4643 ||| STAIRDANCE The ogre hits you with a +0 giant club!!
Ouch! That really hurt!
You climb upwards.
There is a stone staircase leading down here.
4645 ||| READING scroll of teleportation.
As you read the scroll of teleportation, it crumbles to dust.
You feel strangely unstable.
You hit the ogre.
The ogre is moderately wounded.
The ogre barely misses you.
You barely miss the ogre.
The ogre is moderately wounded.
The ogre hits you with a +0 giant club!!
Ouch! That really hurt!
You die...

#.......#
#..#....########
###..#.#..##!....#
#.[.......##.###.#
#.#....#..##.# #.#
#.##.###..##.# #.#
#.........##.# #.#
######..#.####.##O# #.#
................@.# #.#
######..######.##.###.#
........# #..>.....#
#######.# ####.#####
........# #.# ..#######
#.# #.###.# #####.#####
#.....# #.%.......#
#####+#######.###.###.#


You could see an ogre.

Vanquished Creatures
  A hound (D:4)
  Terence (D:2)
  A gnoll (D:1)
  An adder (D:3)
  An ufetubus (D:4)
  2 worms
  3 dart slugs
  7 orcs
  10 ball pythons
  5 endoplasms
  2 giant cockroaches
  6 goblins
  8 hobgoblins
  9 jackals
  3 kobolds
  5 quokkas
  6 bats
  6 frilled lizards
  8 rats
85 creatures vanquished.

Vanquished Creatures (others)
  42 plants (D:3)
42 creatures vanquished.

Grand Total: 127 creatures vanquished

Notes
Turn   | Place    | Note
-------+----------+-------------------------------------------
     0 | D:1      | qw the Gargoyle Fighter began the quest for the Orb.
     0 | D:1      | Reached XP level 1. HP: 14/14 MP: 1/1
     0 | D:1      | 0 ||| qw: Version: 0.2-a-12-gaebbb33
     0 | D:1      | 0 ||| qw: Game counter: 1076
     0 | D:1      | 0 ||| qw: Always use a shield: true
     0 | D:1      | 0 ||| qw: God list: Okawaru
     0 | D:1      | 0 ||| qw: Allow faded altars: false
     0 | D:1      | 0 ||| qw: Do Orc after D:15 true
     0 | D:1      | 0 ||| qw: Do second Lair branch before Depths: true
     0 | D:1      | 0 ||| qw: Lair rune preference: random
     0 | D:1      | 0 ||| qw: Plans: Normal, Zot:1-4, God:TSO, Crypt, Tomb,
                  | Pan, Slime:5, Hells, Abyss, Orb
     0 | D:1      | 0 ||| PLANNING D:1-11
    23 | D:1      | Reached skill level 2 in Axes
   138 | D:1      | 138 ||| Stepping ~*~*~tactically~*~*~ (stealth).
   139 | D:1      | 139 ||| Stepping ~*~*~tactically~*~*~ (stealth).
   143 | D:1      | 143 ||| Stepping ~*~*~tactically~*~*~ (stealth).
   147 | D:1      | 147 ||| Stepping ~*~*~tactically~*~*~ (stealth).
   202 | D:1      | Reached XP level 2. HP: 19/19 MP: 2/2
   416 | D:1      | Reached skill level 3 in Axes
   416 | D:1      | Reached XP level 3. HP: 14/23 MP: 3/3
   754 | D:1      | 754 ||| Stepping ~*~*~tactically~*~*~ (stealth).
   788 | D:1      | 788 ||| Stepping ~*~*~tactically~*~*~ (stealth).
   839 | D:1      | 839 ||| READING scroll labelled KIUMMOR CAROQEDGH.
   844 | D:1      | 844 ||| READING 2 scrolls labelled AHADUNETEI.
   845 | D:1      | 845 ||| READING scroll labelled ZITWOL KAQ DIUSA.
   876 | D:2      | 876 ||| Stepping ~*~*~tactically~*~*~ (stealth).
   877 | D:2      | 877 ||| Stepping ~*~*~tactically~*~*~ (stealth).
   885 | D:2      | 885 ||| Stepping ~*~*~tactically~*~*~ (stealth).
   886 | D:2      | 886 ||| Stepping ~*~*~tactically~*~*~ (stealth).
   887 | D:2      | 887 ||| Stepping ~*~*~tactically~*~*~ (stealth).
   898 | D:2      | 898 ||| Stepping ~*~*~tactically~*~*~ (stealth).
   904 | D:2      | 904 ||| STAIRDANCE
   962 | D:2      | 962 ||| Stepping ~*~*~tactically~*~*~ (stealth).
  1026 | D:2      | Found a faded altar of an unknown god.
  1235 | D:2      | 1235 ||| DROPPING +0 club.
  1323 | D:2      | Reached skill level 1 in Throwing
  1336 | D:2      | Reached XP level 4. HP: 28/28 MP: 4/4
  1345 | D:2      | 1345 ||| Stepping ~*~*~tactically~*~*~ (hiding).
  1475 | D:2      | Noticed Terence
  1487 | D:2      | HP: 6/28 [Terence/+0 mace (3)]
  1489 | D:2      | Killed Terence
  1597 | D:2      | Reached skill level 4 in Axes
  1776 | D:2      | 1776 ||| DROPPING +0 whip.
  1922 | D:2      | Found a sacrificial altar of Ru.
  2261 | D:2      | 2261 ||| UPGRADING to +0 plate armour.
  2271 | D:2      | 2271 ||| DROPPING +0 scale mail.
  2272 | D:2      | 2272 ||| DRINKING 2 metallic inky potions.
  2273 | D:2      | 2273 ||| DRINKING 3 glowing purple potions.
  2274 | D:2      | 2274 ||| READING 2 scrolls of identify.
  2274 | D:2      | 2274 ||| IDENTIFYING black potion
  2275 | D:2      | 2275 ||| DROPPING potion of invisibility.
  2276 | D:2      | 2276 ||| DROPPING potion of degeneration.
  2277 | D:2      | 2277 ||| DROPPING 2 potions of magic.
  2589 | D:3      | Found a hazy altar of Hepliaklqana.
  2707 | D:3      | 2707 ||| Stepping ~*~*~tactically~*~*~ (hiding).
  2715 | D:3      | 2715 ||| Stepping ~*~*~tactically~*~*~ (water).
  2740 | D:3      | HP: 5/28 [orc/+0 trident (5)]
  2741 | D:3      | 2741 ||| READING 3 scrolls of teleportation.
  2745 | D:3      | 2745 ||| READING 2 scrolls of teleportation.
  2748 | D:3      | HP: 4/28 [adder (2)]
  3042 | D:3      | 3042 ||| Stepping ~*~*~tactically~*~*~ (hiding).
  3269 | D:3      | Reached XP level 5. HP: 27/32 MP: 5/5
  3632 | D:3      | 3632 ||| READING scroll labelled JAR QYXZIF.
  3633 | D:3      | 3633 ||| READING scroll labelled MOENWI DIOCRO.
  3634 | D:3      | 3634 ||| READING scroll labelled YMYXTYTASU.
  3658 | D:4      | 3658 ||| STAIRDANCE
  3683 | D:4      | 3683 ||| STAIRDANCE
  3725 | D:4      | Found an ornate altar of the Wu Jian Council.
  3827 | D:4      | 3827 ||| Stepping ~*~*~tactically~*~*~ (stealth).
  3840 | D:4      | 3840 ||| Stepping ~*~*~tactically~*~*~ (stealth).
  4084 | D:4      | 4084 ||| Stepping ~*~*~tactically~*~*~ (stealth).
  4086 | D:4      | 4086 ||| Stepping ~*~*~tactically~*~*~ (stealth).
  4408 | D:4      | Reached skill level 5 in Axes
  4630 | D:4      | 4630 ||| READING scroll labelled BODIEGRU BEKKUE.
  4631 | D:4      | 4631 ||| DRINKING 2 fuming orange potions.
  4632 | D:4      | 4632 ||| DROPPING potion of brilliance.
  4640 | D:5      | Entered Level 5 of the Dungeon
  4640 | D:5      | Noticed an ogre
  4643 | D:5      | 4643 ||| STAIRDANCE
  4643 | D:5      | HP: 5/32 [ogre/+0 giant club (27)]
  4645 | D:4      | 4645 ||| READING scroll of teleportation.
  4647 | D:4      | Mangled by an ogre

Levels and vault maps discovered:
D:1:      dpeg_arrival_simpleton_c, layout_rooms, palyth_stone_intersect
D:2:      layout_loops_ring, ebering_ecumenical_altar_abandoned, basic_altar,
          st_stairs_5, uniq_terence
D:3:      layout_basic, worldfamousw_hep_ancestral_shrine, serial_bayou_lagoon_a
D:4:      layout_basic, old_standard_altar
D:5:      layout_gridville, minmay_temple_entry_gardened_gates,
          hangedman_abyss_or_decor_jellyfish_corner, uniq_crazy_yiuf_cottage,
          uniq_pikel

Skill      XL: |  1  2  3  4  5 |
---------------+----------------+-----
Axes           | 2 3 4 5 |  5.0
Throwing       | 1 |  1.0
Fighting       | |  3.3
Armour         | |  3.2
Shields        | |  3.2

Action                   |  1- 3 |  4- 6 || total
-------------------------+-------+-------++-------
Melee: War axe           |   114 |   132 ||   246
Throw: Javelin           |    13 |    36 ||    49
  Use: Scroll            |     3 |     8 ||    11
       Potion            |       |     3 ||     3
Armor: Scale mail        |    48 |     6 ||    54
       Plate armour      |       |    86 ||    86
Dodge: Dodged            |    55 |    42 ||    97
Block: Buckler           |    17 |    26 ||    43

Table legend:
 A = Non-vault XP
 B = Vault XP
 C = Vault XP percentage of total XP
 D = Non-vault monster count
 E = Vault monster count
 F = Vault count percentage of total count
                 A         B        C        D         E       F
            +---------+---------+-------+---------+---------+-------
      Total |     231 |      38 |  14.1 |      82 |       3 |   3.5
            +---------+---------+-------+---------+---------+-------
        D:1 |      53 |       0 |   0.0 |      24 |       0 |   0.0
        D:2 |      47 |      38 |  44.7 |      24 |       3 |  11.1
        D:3 |      41 |       0 |   0.0 |      13 |       0 |   0.0
        D:4 |      90 |       0 |   0.0 |      21 |       0 |   0.0
            +---------+---------+-------+---------+---------+-------
